Stars vs Coyotes

Created - 19 octobre 2017 at 15:55

Goals
1 2 3 T
Stars 2 1 0 3
Coyotes 0 1 0 1
Shots
1 2 3 T
Stars 11 8 11 30
Coyotes 8 20 8 36

1st period

1. Stars , Alexander Wennberg 1 (John Klingberg 4, Dan Hamhuis 6) at 7:13 (PP)
2. Stars , James Neal 1 (Mike Hoffman 4, Alexander Wennberg 4) at 15:34

Penalties :
Justin Williams (ARI) for Slashing (Minor) at 6:48, Michael Rupp (ARI) for Holding (Minor) at 8:54, Roman Polak (ARI) for Hooking (Minor) at 16:41

2nd period

3. Coyotes , Mark Giordano 1 (David Pastrnak 4, Rasmus Ristolainen 6) at 9:20 (PP)
4. Stars , Loui Eriksson 5 (Sean Monahan 2) at 19:12 (PP)

Penalties :
James Neal (DAL) for Interference (Minor) at 2:20, Jim Slater (DAL) for Interference (Minor) at 7:48, Mark Giordano (ARI) for High sticking (Minor) at 9:59, James Neal (DAL) for Tripping (Minor) at 9:59, Tyler Donati (DAL) for Interference (Minor) at 14:03, Jason Garrison (DAL) for Tripping (Minor) at 16:25, Johnny Gaudreau (ARI) for Holding (Minor) at 17:44, Jason Garrison (DAL) for High sticking (Minor) at 19:48

3rd period

No Goal

Penalties :
Justin Williams (ARI) for High sticking (Minor) at 3:05, Rasmus Ristolainen (ARI) for Hooking (Minor) at 5:44

Goalie Stats

Michael Garnett (DAL), 35 saves from 36 shots - (0,972), W, 2-0-0, 60:00 minutes
Pekka Rinne (ARI), 27 saves from 30 shots - (0,900), L, 3-4-0, 60:00 minutes

Players Stats for Stars

Player Name              G  A  P  +/- PIM S  H  SB GA TA FO     MP     PP MP  PK MP  
------------------------------------------------------------------------------------
Alexander Wennberg       1  1  2   1  0   3  0  0  0  0  23/31  17:12   4:34   0:00 
Bo Horvat                0  0  0   0  0   0  1  0  0  0  13/23  15:13   0:00   4:58 
Brian Flynn              0  0  0   0  0   1  0  1  0  0  1/2     7:37   0:00   3:50 
Dan Hamhuis              0  1  1   1  0   1  0  0  0  0  0/0    22:18   4:32   3:37 
James Neal               1  0  1   1  4   8  1  0  0  0  0/1    17:26   4:34   0:00 
Jason Garrison           0  0  0   0  4   1  1  0  0  0  0/0    18:00   0:00   2:48 
Jeff Carter              0  0  0   0  0   1  0  0  0  0  2/5    18:40   4:34   0:00 
Jeff Petry               0  0  0   1  0   0  1  2  0  0  0/0    16:18   0:00   5:03 
Jim Slater               0  0  0   0  2   0  1  0  0  0  5/6     7:12   0:00   3:26 
John Klingberg           0  1  1   0  0   1  0  1  0  0  0/0    20:33   4:32   0:57 
Joni Pitkanen            0  0  0   0  0   6  5  0  0  0  0/0    24:00   4:37   5:11 
Kevin Shattenkirk        0  0  0   0  0   0  0  0  0  0  0/0    18:49   4:37   0:00 
Loui Eriksson            1  0  1   0  0   5  0  0  0  0  2/3    19:48   4:35   0:24 
Michael Ryan             0  0  0   0  0   0  0  0  0  0  2/3     8:45   0:00   4:58 
Mike Hoffman             0  1  1   1  0   1  0  0  0  0  1/2    17:13   4:35   0:00 
Milan Michalek           0  0  0   0  0   2  0  0  0  0  0/0    10:33   0:00   0:00 
Sean Monahan             0  1  1   0  0   0  1  0  0  0  10/23  18:36   4:35   0:00 
Tyler Donati             0  0  0   0  2   0  1  0  0  0  0/0    10:14   0:00   0:00 

Players Stats for Coyotes

Player Name              G  A  P  +/- PIM S  H  SB GA TA FO     MP     PP MP  PK MP  
------------------------------------------------------------------------------------
Andrew Alberts           0  0  0   0  0   0  3  0  0  0  0/0    16:54   0:00   4:30 
Codey Burki              0  0  0  -1  0   1  4  0  0  0  11/29  17:51   4:22   0:00 
David Brine              0  0  0   0  0   1  0  0  0  0  1/5     2:02   0:00   0:00 
David Pastrnak           0  1  1   0  0   3  1  0  0  0  0/0    20:01   4:26   0:00 
Evgeny Kuznetsov         0  0  0   0  0   2  2  0  0  0  14/32  21:28   4:26   1:27 
Johnny Gaudreau          0  0  0   0  2   4  0  0  0  0  0/0    18:19   4:25   0:10 
Jonathan Cheechoo        0  0  0  -1  0   11 5  1  0  0  0/0    18:03   4:22   0:00 
Jordan LaVallee          0  0  0   0  0   0  3  0  0  0  0/0     2:02   0:00   0:00 
Justin Williams          0  0  0  -1  4   3  0  0  0  0  1/1    17:49   4:22   0:00 
Kyle Calder              0  0  0   0  0   2  0  0  0  0  0/1    14:55   0:00   4:28 
Mark Giordano            1  0  1   0  2   3  0  3  0  0  0/0    23:34   4:19   4:39 
Mason Raymond            0  0  0   0  0   1  0  0  0  0  0/0    14:58   0:00   4:31 
Matt Calvert             0  0  0   0  0   1  1  0  0  0  3/11    7:27   0:00   4:55 
Matt Greene              0  0  0   0  0   0  1  2  0  0  0/0    16:36   0:00   4:30 
Michael Rupp             0  0  0   0  2   0  4  0  0  0  10/20  13:13   0:00   2:47 
Rasmus Ristolainen       0  1  1   0  2   2  2  3  0  0  0/0    20:10   4:19   0:00 
Roman Polak              0  0  0  -1  2   2  3  0  0  0  0/0    18:33   4:29   0:00 
Ryan Murray              0  0  0  -1  0   0  0  1  0  0  0/0    24:10   4:29   4:39 

3 Stars

1 - Michael Garnett (DAL)
2 - Alexander Wennberg (DAL)
3 - Loui Eriksson (DAL)

Power Play

Stars - 2 on 6 Attempt(s) - 33,33%
Coyotes - 1 on 5 Attempt(s) - 20,00%

Penalty Kill

Stars - 4 on 5 Attempt(s) - 80,00% - Score 0 goal in Penalty Kill
Coyotes - 4 on 6 Attempt(s) - 66,67% - Score 0 goal in Penalty Kill

Team Stat

Stars - Hits : 12 - Faceoff Wins : 59 - Blocked Shots : 4 - Penalty Minutes : 12
Coyotes - Hits : 29 - Faceoff Wins : 40 - Blocked Shots : 10 - Penalty Minutes : 14

Official

Referees : Jon McIsaac and Ryan Hersey
Linesman : Ryan Galloway and Dave Brown

Game Notes

No Game Note

Finance

Level 1 -- Attendance: 3750 (100,00%) -- Ticket Income 345 000 $
Level 2 -- Attendance: 4000 (100,00%) -- Ticket Income 272 000 $
Level 3 -- Attendance: 2739 (60,87%) -- Ticket Income 57 519 $
Level 4 -- Attendance: 4819 (91,79%) -- Ticket Income 77 104 $
Luxury Box -- Attendance: 1000 (100,00%) -- Ticket Income 205 000 $
Game was played at the Staples Center.
Total Attendance: 16308 (88,15%)
Total Ticket Income: 956 623 $
Other Income: 468 745 $
Total Income: 1 425 368 $

Stars

5 vs 5 Forward 
   Center                   Left Wing                Right Wing               Time % Phy DF OF 
 1 Sean Monahan             Jeff Carter              Loui Eriksson            33     0   1  4  
 2 Alexander Wennberg       Mike Hoffman             James Neal               31     0   1  4  
 3 Bo Horvat                Tyler Donati             Milan Michalek           28     0   3  2  
 4 Jim Slater               Brian Flynn              Michael Ryan             8      0   4  1  

5 vs 5 Defense 
   Defense                  Defense                                           Time % Phy DF OF 
 1 Joni Pitkanen            Kevin Shattenkirk                                 33     0   1  4  
 2 Jason Garrison           John Klingberg                                    31     0   1  4  
 3 Jeff Petry               Dan Hamhuis                                       28     0   3  2  
 4 Jason Garrison           Dan Hamhuis                                       8      0   4  1  

PowerPlay Forward 
   Center                   Left Wing                Right Wing               Time % Phy DF OF 
 1 Alexander Wennberg       Jeff Carter              James Neal               50     0   0  5  
 2 Sean Monahan             Mike Hoffman             Loui Eriksson            50     0   0  5  

PowerPlay Defense
   Defense                  Defense                                           Time % Phy DF OF 
 1 Joni Pitkanen            Kevin Shattenkirk                                 50     0   1  4  
 2 Dan Hamhuis              John Klingberg                                    50     0   1  4  

Penalty Kill 4 Players Forward 
   Center                   Wing                     Time % Phy DF OF 
 1 Bo Horvat                Michael Ryan             55     0   4  1  
 2 Jim Slater               Brian Flynn              45     0   4  1  

Penalty Kill 4 Players Defense
   Defense                  Defense                  Time % Phy DF OF 
 1 Jason Garrison           Joni Pitkanen            55     0   5  0  
 2 Jeff Petry               Dan Hamhuis              45     0   5  0  

Penalty Kill - 3 Players Forward 
   Forward                                           Time % Phy DF OF 
 1 Jim Slater                                        55     0   5  0  
 2 Brian Flynn                                       45     0   5  0  

Penalty Kill - 3 Players Defense
   Defense                  Defense                  Time % Phy DF OF 
 1 Joni Pitkanen            Jason Garrison           55     0   5  0  
 2 Dan Hamhuis              Jeff Petry               45     0   5  0  

4 vs 4 Forward 
   Center                   Wing                     Time % Phy DF OF 
 1 Jeff Carter              James Neal               50     0   2  3  
 2 Sean Monahan             Loui Eriksson            50     0   2  3  

4 vs 4 Defense
   Defense                  Defense                  Time % Phy DF OF 
 1 Joni Pitkanen            Kevin Shattenkirk        50     0   2  3  
 2 John Klingberg           Dan Hamhuis              50     0   2  3  

Last Minutes Offensive
   Center                   Left Wing                Right Wing               Defense                  Defense                  
   Jeff Carter              Loui Eriksson            James Neal               Joni Pitkanen            Kevin Shattenkirk        

Last Minutes Defensive
   Center                   Left Wing                Right Wing               Defense                  Defense                  
   Jeff Carter              Loui Eriksson            Milan Michalek           Joni Pitkanen            Jason Garrison           

Goaltenders
Starting : Michael Garnett          
Backup : Frederik Andersen        

Extra Forwards
Normal : Loui Eriksson, Milan Michalek, Tyler Donati - PP : Tyler Donati, Milan Michalek - PK : Loui Eriksson
Extra Defensemen
Normal : John Klingberg, Jeff Petry, Jason Garrison - PP : Jason Garrison - PK : Jeff Petry, John Klingberg
Penalty Shots
Loui Eriksson, James Neal, Joni Pitkanen, Jeff Carter, Milan Michalek
Custom OT Lines Forwards
Jeff Carter, James Neal, Sean Monahan, Loui Eriksson, Alexander Wennberg, Milan Michalek, Bo Horvat, Mike Hoffman, Tyler Donati, Brian Flynn
Custom OT Lines Defensemen
Joni Pitkanen, Kevin Shattenkirk, Dan Hamhuis, John Klingberg, Jason Garrison

Scratches
None

Coyotes

5 vs 5 Forward 
   Center                   Left Wing                Right Wing               Time % Phy DF OF 
 1 Codey Burki              Jonathan Cheechoo        Justin Williams          38     0   0  5  
 2 Evgeny Kuznetsov         Johnny Gaudreau          David Pastrnak           36     0   0  5  
 3 Michael Rupp             Kyle Calder              Mason Raymond            20     0   2  3  
 4 David Brine              Jordan LaVallee          Matt Calvert             6      1   2  2  

5 vs 5 Defense 
   Defense                  Defense                                           Time % Phy DF OF 
 1 Rasmus Ristolainen       Mark Giordano                                     38     0   0  5  
 2 Roman Polak              Ryan Murray                                       36     0   1  4  
 3 Andrew Alberts           Matt Greene                                       20     0   3  2  
 4 Rasmus Ristolainen       Ryan Murray                                       6      0   1  4  

PowerPlay Forward 
   Center                   Left Wing                Right Wing               Time % Phy DF OF 
 1 Codey Burki              Jonathan Cheechoo        Justin Williams          50     0   0  5  
 2 Evgeny Kuznetsov         Johnny Gaudreau          David Pastrnak           50     0   0  5  

PowerPlay Defense
   Defense                  Defense                                           Time % Phy DF OF 
 1 Rasmus Ristolainen       Mark Giordano                                     50     0   0  5  
 2 Roman Polak              Ryan Murray                                       50     0   1  4  

Penalty Kill 4 Players Forward 
   Center                   Wing                     Time % Phy DF OF 
 1 Michael Rupp             Kyle Calder              50     1   4  0  
 2 Matt Calvert             Mason Raymond            50     0   4  1  

Penalty Kill 4 Players Defense
   Defense                  Defense                  Time % Phy DF OF 
 1 Andrew Alberts           Matt Greene              50     1   2  2  
 2 Ryan Murray              Mark Giordano            50     1   2  2  

Penalty Kill - 3 Players Forward 
   Forward                                           Time % Phy DF OF 
 1 Jonathan Cheechoo                                 50     0   3  2  
 2 Justin Williams                                   50     0   3  2  

Penalty Kill - 3 Players Defense
   Defense                  Defense                  Time % Phy DF OF 
 1 Roman Polak              Matt Greene              50     1   2  2  
 2 Rasmus Ristolainen       Ryan Murray              50     1   2  2  

4 vs 4 Forward 
   Center                   Wing                     Time % Phy DF OF 
 1 Evgeny Kuznetsov         David Pastrnak           55     0   2  3  
 2 Matt Calvert             Johnny Gaudreau          45     0   1  4  

4 vs 4 Defense
   Defense                  Defense                  Time % Phy DF OF 
 1 Rasmus Ristolainen       Ryan Murray              55     0   2  3  
 2 Roman Polak              Mark Giordano            45     1   2  2  

Last Minutes Offensive
   Center                   Left Wing                Right Wing               Defense                  Defense                  
   Evgeny Kuznetsov         Jonathan Cheechoo        Justin Williams          Rasmus Ristolainen       Ryan Murray              

Last Minutes Defensive
   Center                   Left Wing                Right Wing               Defense                  Defense                  
   Michael Rupp             Matt Calvert             Kyle Calder              Matt Greene              Mark Giordano            

Goaltenders
Starting : Pekka Rinne              
Backup : Justin Pogge             

Extra Forwards
Normal : Jonathan Cheechoo, David Pastrnak, Johnny Gaudreau - PP : Evgeny Kuznetsov, David Pastrnak - PK : Michael Rupp
Extra Defensemen
Normal : Mark Giordano, Ryan Murray, Andrew Alberts - PP : Rasmus Ristolainen - PK : Matt Greene, Roman Polak
Penalty Shots
Jonathan Cheechoo, Justin Williams, David Pastrnak, Johnny Gaudreau, Codey Burki
Custom OT Lines Forwards
Jonathan Cheechoo, Justin Williams, David Pastrnak, Johnny Gaudreau, Evgeny Kuznetsov, Mason Raymond, Codey Burki, David Brine, Jordan LaVallee, Matt Calvert
Custom OT Lines Defensemen
Mark Giordano, Rasmus Ristolainen, Ryan Murray, Roman Polak, Matt Greene

Scratches
Kris Russell (Left Forearm Injury)

% Time on Ice - Stars

Lines # - Real PCT - Wanted PCT - Time Play
Normal Forward
1 - 32% - 33% - 12:44
2 - 32% - 31% - 12:38
3 - 26% - 28% - 10:15
4 - 10% - 8% - 3:47
Normal Defense
1 - 33% - 33% - 12:55
2 - 35% - 31% - 13:42
3 - 29% - 28% - 11:15
4 - 4% - 8% - 1:32
PP Forward
1 - 50% - 50% - 4:34
2 - 50% - 50% - 4:35
PP Defense
1 - 50% - 50% - 4:37
2 - 50% - 50% - 4:32
PK Forward
1 - 56% - 55% - 4:58
2 - 44% - 45% - 3:50
PK Defense
1 - 59% - 55% - 5:11
2 - 41% - 45% - 3:37
PK3 Forward
1 - 0% - 55%
2 - 0% - 45%
PK3 Defense
1 - 0% - 55%
2 - 0% - 45%
44 Forward
1 - 52% - 50% - 1:22
2 - 48% - 50% - 1:17
44 Defense
1 - 48% - 50% - 1:17
2 - 52% - 50% - 1:22
Last Minute Offensive  - 0:00
Last Minute Defensive  - 0:00
Total
Forward - 60:00
Defense - 60:00

% Time on Ice - Coyotes

Lines # - Real PCT - Wanted PCT - Time Play
Normal Forward
1 - 34% - 38% - 13:29
2 - 34% - 36% - 13:26
3 - 27% - 20% - 10:27
4 - 5% - 6% - 2:02
Normal Defense
1 - 36% - 38% - 14:21
2 - 32% - 36% - 12:39
3 - 31% - 20% - 12:06
4 - 1% - 6% - 0:18
PP Forward
1 - 50% - 50% - 4:22
2 - 50% - 50% - 4:26
PP Defense
1 - 49% - 50% - 4:19
2 - 51% - 50% - 4:29
PK Forward
1 - 46% - 50% - 4:14
2 - 54% - 50% - 4:55
PK Defense
1 - 49% - 50% - 4:30
2 - 51% - 50% - 4:39
PK3 Forward
1 - 0% - 50%
2 - 0% - 50%
PK3 Defense
1 - 0% - 50%
2 - 0% - 50%
44 Forward
1 - 81% - 55% - 2:09
2 - 19% - 45% - 0:30
44 Defense
1 - 46% - 55% - 1:13
2 - 54% - 45% - 1:26
Last Minute Offensive  - 0:00
Last Minute Defensive  - 0:00
Total
Forward - 60:00
Defense - 60:00

Play by Play

1st period


0:01 of 1st period - Codey Burki wins face-off versus Sean Monahan in neutral zone.
0:08 of 1st period - Shot by Justin Williams.
0:08 of 1st period - Stopped by Michael Garnett without a rebound.
0:09 of 1st period - Evgeny Kuznetsov wins face-off versus Alexander Wennberg in Stars zone.
0:46 of 1st period - Shot by Mike Hoffman.
0:46 of 1st period - Stopped by Pekka Rinne without a rebound.
0:47 of 1st period - Michael Rupp wins face-off versus Bo Horvat in Coyotes zone.
1:24 of 1st period - Shot by Michael Rupp.
1:24 of 1st period - Deflect By Mason Raymond.
1:24 of 1st period - Shot Blocked by Jeff Petry.
2:15 of 1st period - Jeff Carter is hit by Rasmus Ristolainen.
3:09 of 1st period - Shot by David Pastrnak.
3:09 of 1st period - Shot Misses the Net.
3:41 of 1st period - Icing by Dan Hamhuis.
3:42 of 1st period - Alexander Wennberg wins face-off versus David Brine in Stars zone.
3:57 of 1st period - Shot by Jordan LaVallee.
3:57 of 1st period - Shot Misses the Net.
3:59 of 1st period - Shot by Andrew Alberts.
3:59 of 1st period - Shot Misses the Net.
4:01 of 1st period - Shot by Andrew Alberts.
4:01 of 1st period - Shot Misses the Net.
4:03 of 1st period - Shot by Matt Greene.
4:03 of 1st period - Deflect By David Brine.
4:03 of 1st period - Shot Misses the Net.
4:15 of 1st period - Shot by David Brine.
4:15 of 1st period - Shot Misses the Net.
4:17 of 1st period - Shot by David Brine.
4:17 of 1st period - Stopped by Michael Garnett without a rebound.
4:18 of 1st period - Sean Monahan wins face-off versus Michael Rupp in Stars zone.
4:31 of 1st period - Shot by Kevin Shattenkirk.
4:31 of 1st period - Shot Blocked by Rasmus Ristolainen.
4:33 of 1st period - Shot by Joni Pitkanen.
4:33 of 1st period - Shot Misses the Net.
4:39 of 1st period - Shot by Loui Eriksson.
4:39 of 1st period - Shot Misses the Net.
4:48 of 1st period - Icing by Rasmus Ristolainen.
4:49 of 1st period - Bo Horvat wins face-off versus Michael Rupp in Coyotes zone.
5:02 of 1st period - Shot by Milan Michalek.
5:02 of 1st period - Stopped by Pekka Rinne without a rebound.
5:03 of 1st period - Alexander Wennberg wins face-off versus Codey Burki in Coyotes zone.
5:03 of 1st period - James Neal is hit by Roman Polak and loses puck.
5:14 of 1st period - Shot by Jonathan Cheechoo.
5:14 of 1st period - Stopped by Michael Garnett without a rebound.
5:15 of 1st period - Evgeny Kuznetsov wins face-off versus Bo Horvat in Stars zone.
5:16 of 1st period - Shot by David Pastrnak.
5:16 of 1st period - Shot Misses the Net.
6:20 of 1st period - Shot by Codey Burki.
6:20 of 1st period - Stopped by Michael Garnett without a rebound.
6:21 of 1st period - David Brine wins face-off versus Sean Monahan in Stars zone.
6:26 of 1st period - Shot by David Brine.
6:26 of 1st period - Deflect By Jordan LaVallee.
6:26 of 1st period - Shot Misses the Net.
6:42 of 1st period - Loui Eriksson is hit by Jordan LaVallee and loses puck.
6:46 of 1st period - Icing by Dan Hamhuis.
6:47 of 1st period - Sean Monahan wins face-off versus Codey Burki in Stars zone.
6:47 of 1st period - Sean Monahan is hit by Codey Burki.
6:48 of 1st period - Minor Penalty to Justin Williams for Slashing.
6:49 of 1st period - Michael Rupp wins face-off versus James Neal in Coyotes zone.
7:13 of 1st period - Shot by Alexander Wennberg.
7:13 of 1st period - Goal by Alexander Wennberg - Stars : 1 - Coyotes : 0.
7:14 of 1st period - Jim Slater wins face-off versus Codey Burki in neutral zone.
7:46 of 1st period - Icing by Andrew Alberts.
7:47 of 1st period - Codey Burki wins face-off versus Alexander Wennberg in Coyotes zone.
8:25 of 1st period - Shot by David Pastrnak.
8:25 of 1st period - Stopped by Michael Garnett without a rebound.
8:26 of 1st period - Michael Rupp wins face-off versus Sean Monahan in Stars zone.
8:54 of 1st period - Minor Penalty to Michael Rupp for Holding.
8:55 of 1st period - Alexander Wennberg wins face-off versus Matt Calvert in Coyotes zone.
9:02 of 1st period - Shot by Joni Pitkanen.
9:02 of 1st period - Stopped by Pekka Rinne without a rebound.
9:03 of 1st period - Sean Monahan wins face-off versus Evgeny Kuznetsov in Coyotes zone.
9:16 of 1st period - Shot by Joni Pitkanen.
9:16 of 1st period - Shot Blocked by Ryan Murray.
9:18 of 1st period - Shot by Loui Eriksson.
9:18 of 1st period - Shot Misses the Net.
9:34 of 1st period - Shot by Matt Calvert.
9:34 of 1st period - Stopped by Michael Garnett without a rebound.
9:35 of 1st period - Alexander Wennberg wins face-off versus Matt Calvert in Stars zone.
9:42 of 1st period - Shot by Dan Hamhuis.
9:42 of 1st period - Shot Misses the Net.
10:00 of 1st period - Shot by Dan Hamhuis.
10:00 of 1st period - Stopped by Pekka Rinne without a rebound.
10:01 of 1st period - Sean Monahan wins face-off versus Evgeny Kuznetsov in Coyotes zone.
10:10 of 1st period - Shot by Kevin Shattenkirk.
10:10 of 1st period - Shot Blocked by Matt Greene.
10:12 of 1st period - Shot by Mike Hoffman.
10:12 of 1st period - Shot Misses the Net.
10:34 of 1st period - Shot by Joni Pitkanen.
10:34 of 1st period - Shot Misses the Net.
10:44 of 1st period - Shot by Kevin Shattenkirk.
10:44 of 1st period - Shot Misses the Net.
11:13 of 1st period - Milan Michalek is hit by Rasmus Ristolainen and loses puck.
11:16 of 1st period - Shot by Milan Michalek.
11:16 of 1st period - Shot Blocked by Jonathan Cheechoo.
11:27 of 1st period - Icing by Jason Garrison.
11:28 of 1st period - Bo Horvat wins face-off versus David Brine in Stars zone.
11:32 of 1st period - Off-side.
11:33 of 1st period - Jim Slater wins face-off versus David Brine in neutral zone.
11:33 of 1st period - Jim Slater is hit by Jordan LaVallee.
12:56 of 1st period - Johnny Gaudreau is hit by Joni Pitkanen and loses puck.
13:06 of 1st period - Icing by Rasmus Ristolainen.
13:07 of 1st period - Alexander Wennberg wins face-off versus Evgeny Kuznetsov in Coyotes zone.
13:14 of 1st period - Shot by James Neal.
13:14 of 1st period - Deflect By Alexander Wennberg.
13:14 of 1st period - Shot Misses the Net.
13:22 of 1st period - Shot by James Neal.
13:22 of 1st period - Shot Misses the Net.
13:24 of 1st period - Shot by Jason Garrison.
13:24 of 1st period - Stopped by Pekka Rinne without a rebound.
13:25 of 1st period - Bo Horvat wins face-off versus Codey Burki in Coyotes zone.
13:49 of 1st period - Off-side.
13:50 of 1st period - Alexander Wennberg wins face-off versus Michael Rupp in neutral zone.
13:55 of 1st period - Shot by Mike Hoffman.
13:55 of 1st period - Deflect By James Neal.
13:55 of 1st period - Stopped by Pekka Rinne without a rebound.
13:56 of 1st period - Michael Rupp wins face-off versus Sean Monahan in Coyotes zone.
13:56 of 1st period - Michael Rupp is hit by Sean Monahan.
14:04 of 1st period - Shot by Mason Raymond.
14:04 of 1st period - Shot Misses the Net.
14:06 of 1st period - Shot by Michael Rupp.
14:06 of 1st period - Shot Misses the Net.
14:26 of 1st period - Shot by Michael Rupp.
14:26 of 1st period - Shot Misses the Net.
14:28 of 1st period - Shot by Andrew Alberts.
14:28 of 1st period - Shot Misses the Net.
15:34 of 1st period - Shot by James Neal.
15:34 of 1st period - Goal by James Neal - Stars : 2 - Coyotes : 0.
15:35 of 1st period - Bo Horvat wins face-off versus Evgeny Kuznetsov in neutral zone.
16:08 of 1st period - Shot by Evgeny Kuznetsov.
16:08 of 1st period - Shot Misses the Net.
16:10 of 1st period - Shot by David Pastrnak.
16:10 of 1st period - Shot Misses the Net.
16:12 of 1st period - Shot by Mark Giordano.
16:12 of 1st period - Shot Misses the Net.
16:21 of 1st period - David Pastrnak is hit by Joni Pitkanen and loses puck.
16:41 of 1st period - Minor Penalty to Roman Polak for Hooking.
16:42 of 1st period - Alexander Wennberg wins face-off versus Matt Calvert in Coyotes zone.
17:13 of 1st period - Shot by James Neal.
17:13 of 1st period - Stopped by Pekka Rinne without a rebound.
17:14 of 1st period - Michael Rupp wins face-off versus Loui Eriksson in Coyotes zone.
18:09 of 1st period - Shot by Alexander Wennberg.
18:09 of 1st period - Stopped by Pekka Rinne with a rebound.
18:11 of 1st period - Shot by Jeff Carter.
18:11 of 1st period - Shot Misses the Net.
18:13 of 1st period - Shot by Alexander Wennberg.
18:13 of 1st period - Shot Misses the Net.
18:17 of 1st period - Shot by James Neal.
18:17 of 1st period - Stopped by Pekka Rinne without a rebound.
18:18 of 1st period - Alexander Wennberg wins face-off versus Michael Rupp in Coyotes zone.
18:28 of 1st period - Shot by Kevin Shattenkirk.
18:28 of 1st period - Shot Misses the Net.
19:10 of 1st period - Shot by Jonathan Cheechoo.
19:10 of 1st period - Stopped by Michael Garnett with a rebound.
19:16 of 1st period - Shot by Justin Williams.
19:16 of 1st period - Shot Misses the Net.
19:29 of 1st period - Icing by Tyler Donati.
19:30 of 1st period - Bo Horvat wins face-off versus Evgeny Kuznetsov in Stars zone.
19:55 of 1st period - Shot by David Pastrnak.
19:55 of 1st period - Stopped by Michael Garnett with a rebound.
Goals for this period are 2 for Stars vs 0 for Coyotes.
Shots for this period are 11 for Stars vs 8 for Coyotes.

2nd period


0:01 of 2nd period - Sean Monahan wins face-off versus Codey Burki in neutral zone.
0:23 of 2nd period - Sean Monahan is hit by Roman Polak and loses puck.
1:03 of 2nd period - Evgeny Kuznetsov is hit by Joni Pitkanen and loses puck.
1:49 of 2nd period - Shot by Kyle Calder.
1:49 of 2nd period - Stopped by Michael Garnett without a rebound.
1:50 of 2nd period - Michael Rupp wins face-off versus Mike Hoffman in Stars zone.
1:51 of 2nd period - Shot by Kyle Calder.
1:51 of 2nd period - Stopped by Michael Garnett without a rebound.
1:52 of 2nd period - Michael Rupp wins face-off versus Alexander Wennberg in Stars zone.
1:53 of 2nd period - Shot by Mason Raymond.
1:53 of 2nd period - Stopped by Michael Garnett without a rebound.
1:54 of 2nd period - Codey Burki wins face-off versus Alexander Wennberg in Stars zone.
2:05 of 2nd period - Shot by James Neal.
2:05 of 2nd period - Shot Hit the Post.
2:16 of 2nd period - Alexander Wennberg is hit by Roman Polak and loses puck.
2:20 of 2nd period - Minor Penalty to James Neal for Interference.
2:21 of 2nd period - Evgeny Kuznetsov wins face-off versus Bo Horvat in Stars zone.
2:21 of 2nd period - Evgeny Kuznetsov is hit by Jeff Petry.
2:35 of 2nd period - Shot by Mark Giordano.
2:35 of 2nd period - Shot Misses the Net.
2:37 of 2nd period - Shot by Rasmus Ristolainen.
2:37 of 2nd period - Shot Misses the Net.
2:58 of 2nd period - Icing by David Pastrnak.
2:59 of 2nd period - Jim Slater wins face-off versus Evgeny Kuznetsov in Coyotes zone.
3:00 of 2nd period - Shot by Brian Flynn.
3:00 of 2nd period - Stopped by Pekka Rinne with a rebound.
3:34 of 2nd period - Shot by Jonathan Cheechoo.
3:34 of 2nd period - Stopped by Michael Garnett without a rebound.
3:35 of 2nd period - Michael Ryan wins face-off versus Codey Burki in Stars zone.
3:35 of 2nd period - Dan Hamhuis is hit by Jonathan Cheechoo and loses puck.
4:20 of 2nd period - Icing by Jonathan Cheechoo.
4:21 of 2nd period - Alexander Wennberg wins face-off versus Michael Rupp in Coyotes zone.
4:21 of 2nd period - Alexander Wennberg is hit by Matt Greene.
4:50 of 2nd period - Icing by Jason Garrison.
4:51 of 2nd period - Alexander Wennberg wins face-off versus Evgeny Kuznetsov in Stars zone.
5:10 of 2nd period - Shot by James Neal.
5:10 of 2nd period - Stopped by Pekka Rinne without a rebound.
5:11 of 2nd period - Justin Williams wins face-off versus Sean Monahan in Coyotes zone.
5:22 of 2nd period - Dan Hamhuis is hit by Codey Burki and loses puck.
6:31 of 2nd period - Shot by Johnny Gaudreau.
6:31 of 2nd period - Stopped by Michael Garnett without a rebound.
6:32 of 2nd period - Michael Rupp wins face-off versus Alexander Wennberg in Stars zone.
7:13 of 2nd period - Shot by Jason Garrison.
7:13 of 2nd period - Shot Misses the Net.
7:15 of 2nd period - Shot by Jason Garrison.
7:15 of 2nd period - Shot Misses the Net.
7:26 of 2nd period - Michael Rupp is hit by Joni Pitkanen.
7:39 of 2nd period - Icing by Mark Giordano.
7:40 of 2nd period - Evgeny Kuznetsov wins face-off versus Brian Flynn in Coyotes zone.
7:48 of 2nd period - Minor Penalty to Jim Slater for Interference.
7:49 of 2nd period - Codey Burki wins face-off versus Bo Horvat in Stars zone.
7:56 of 2nd period - Shot by Justin Williams.
7:56 of 2nd period - Stopped by Michael Garnett without a rebound.
7:57 of 2nd period - Bo Horvat wins face-off versus Evgeny Kuznetsov in Stars zone.
8:05 of 2nd period - Icing by Evgeny Kuznetsov.
8:06 of 2nd period - Evgeny Kuznetsov wins face-off versus Bo Horvat in Coyotes zone.
8:06 of 2nd period - Rasmus Ristolainen is hit by Bo Horvat and loses puck.
8:12 of 2nd period - Off-side.
8:13 of 2nd period - Michael Ryan wins face-off versus Codey Burki in neutral zone.
8:52 of 2nd period - Shot by Codey Burki.
8:52 of 2nd period - Shot Hit the Post.
8:54 of 2nd period - Shot by Roman Polak.
8:54 of 2nd period - Stopped by Michael Garnett without a rebound.
8:55 of 2nd period - Loui Eriksson wins face-off versus Evgeny Kuznetsov in Stars zone.
9:20 of 2nd period - Shot by Mark Giordano.
9:20 of 2nd period - Goal by Mark Giordano - Stars : 2 - Coyotes : 1.
9:21 of 2nd period - Mike Hoffman wins face-off versus Michael Rupp in neutral zone.
9:50 of 2nd period - Icing by Jeff Petry.
9:51 of 2nd period - Alexander Wennberg wins face-off versus Codey Burki in Stars zone.
9:51 of 2nd period - Alexander Wennberg is hit by Codey Burki.
9:54 of 2nd period - James Neal is hit by Jonathan Cheechoo and loses puck.
9:59 of 2nd period - Minor Penalty to Mark Giordano for High sticking.
9:59 of 2nd period - Minor Penalty to James Neal for Tripping.
10:00 of 2nd period - Sean Monahan wins face-off versus Evgeny Kuznetsov in Coyotes zone.
10:32 of 2nd period - Off-side.
10:33 of 2nd period - Jeff Carter wins face-off versus Matt Calvert in neutral zone.
10:33 of 2nd period - Dan Hamhuis is hit by Matt Calvert and loses puck.
10:50 of 2nd period - Shot by Johnny Gaudreau.
10:50 of 2nd period - Stopped by Michael Garnett without a rebound.
10:51 of 2nd period - Jeff Carter wins face-off versus Evgeny Kuznetsov in Stars zone.
11:06 of 2nd period - Shot by Evgeny Kuznetsov.
11:06 of 2nd period - Stopped by Michael Garnett without a rebound.
11:07 of 2nd period - Evgeny Kuznetsov wins face-off versus Sean Monahan in Stars zone.
11:10 of 2nd period - Shot by David Pastrnak.
11:10 of 2nd period - Stopped by Michael Garnett without a rebound.
11:11 of 2nd period - Evgeny Kuznetsov wins face-off versus Jeff Carter in Stars zone.
11:22 of 2nd period - Dan Hamhuis is hit by Evgeny Kuznetsov and loses puck.
11:42 of 2nd period - Icing by Roman Polak.
11:43 of 2nd period - Evgeny Kuznetsov wins face-off versus Sean Monahan in Coyotes zone.
12:00 of 2nd period - Off-side.
12:01 of 2nd period - Codey Burki wins face-off versus Bo Horvat in neutral zone.
12:44 of 2nd period - Shot by Mark Giordano.
12:44 of 2nd period - Stopped by Michael Garnett without a rebound.
12:45 of 2nd period - Evgeny Kuznetsov wins face-off versus Alexander Wennberg in Stars zone.
13:14 of 2nd period - James Neal is hit by Evgeny Kuznetsov and loses puck.
13:59 of 2nd period - Shot by Jeff Carter.
13:59 of 2nd period - Shot Blocked by Rasmus Ristolainen.
14:01 of 2nd period - Shot by Jason Garrison.
14:01 of 2nd period - Deflect By Loui Eriksson.
14:01 of 2nd period - Stopped by Pekka Rinne without a rebound.
14:02 of 2nd period - Codey Burki wins face-off versus Bo Horvat in Coyotes zone.
14:02 of 2nd period - Codey Burki is hit by Tyler Donati.
14:03 of 2nd period - Minor Penalty to Tyler Donati for Interference.
14:04 of 2nd period - Bo Horvat wins face-off versus Codey Burki in Stars zone.
14:18 of 2nd period - Off-side.
14:19 of 2nd period - Bo Horvat wins face-off versus Codey Burki in neutral zone.
14:34 of 2nd period - Shot by Rasmus Ristolainen.
14:34 of 2nd period - Stopped by Michael Garnett without a rebound.
14:35 of 2nd period - Evgeny Kuznetsov wins face-off versus Jim Slater in Stars zone.
14:56 of 2nd period - Shot by David Pastrnak.
14:56 of 2nd period - Shot Misses the Net.
15:50 of 2nd period - Shot by Rasmus Ristolainen.
15:50 of 2nd period - Stopped by Michael Garnett without a rebound.
15:51 of 2nd period - Codey Burki wins face-off versus Bo Horvat in Stars zone.
15:52 of 2nd period - Shot by Rasmus Ristolainen.
15:52 of 2nd period - Shot Misses the Net.
16:17 of 2nd period - Jason Garrison is hit by Andrew Alberts and loses puck.
16:25 of 2nd period - Minor Penalty to Jason Garrison for Tripping.
16:26 of 2nd period - Evgeny Kuznetsov wins face-off versus Bo Horvat in Stars zone.
16:35 of 2nd period - Shot by Johnny Gaudreau.
16:35 of 2nd period - Shot Blocked by Jeff Petry.
16:49 of 2nd period - Shot by Johnny Gaudreau.
16:49 of 2nd period - Shot Blocked by Brian Flynn.
16:51 of 2nd period - Shot by Roman Polak.
16:51 of 2nd period - Shot Misses the Net.
16:53 of 2nd period - Shot by Evgeny Kuznetsov.
16:53 of 2nd period - Deflect By Johnny Gaudreau.
16:53 of 2nd period - Stopped by Michael Garnett without a rebound.
16:54 of 2nd period - Jim Slater wins face-off versus Codey Burki in Stars zone.
16:54 of 2nd period - Jim Slater is hit by Jonathan Cheechoo.
17:18 of 2nd period - Shot by Jonathan Cheechoo.
17:18 of 2nd period - Stopped by Michael Garnett without a rebound.
17:19 of 2nd period - Brian Flynn wins face-off versus Evgeny Kuznetsov in Stars zone.
17:44 of 2nd period - Minor Penalty to Johnny Gaudreau for Holding.
17:45 of 2nd period - Sean Monahan wins face-off versus Evgeny Kuznetsov in Coyotes zone.
17:52 of 2nd period - Shot by Loui Eriksson.
17:52 of 2nd period - Shot Misses the Net.
17:54 of 2nd period - Shot by Loui Eriksson.
17:54 of 2nd period - Stopped by Pekka Rinne with a rebound.
17:56 of 2nd period - Shot by Loui Eriksson.
17:56 of 2nd period - Stopped by Pekka Rinne without a rebound.
17:57 of 2nd period - Matt Calvert wins face-off versus Jeff Carter in Coyotes zone.
18:06 of 2nd period - Shot by Roman Polak.
18:06 of 2nd period - Stopped by Michael Garnett with a rebound.
18:08 of 2nd period - Shot by Jonathan Cheechoo.
18:08 of 2nd period - Stopped by Michael Garnett without a rebound.
18:09 of 2nd period - Evgeny Kuznetsov wins face-off versus Sean Monahan in Stars zone.
18:20 of 2nd period - Shot by Evgeny Kuznetsov.
18:20 of 2nd period - Stopped by Michael Garnett without a rebound.
18:21 of 2nd period - Evgeny Kuznetsov wins face-off versus Jeff Carter in Stars zone.
18:36 of 2nd period - Shot by Joni Pitkanen.
18:36 of 2nd period - Stopped by Pekka Rinne without a rebound.
18:37 of 2nd period - Alexander Wennberg wins face-off versus Matt Calvert in Coyotes zone.
18:56 of 2nd period - Shot by John Klingberg.
18:56 of 2nd period - Shot Misses the Net.
18:58 of 2nd period - Shot by Dan Hamhuis.
18:58 of 2nd period - Shot Blocked by Matt Greene.
19:00 of 2nd period - Shot by Jeff Carter.
19:00 of 2nd period - Stopped by Pekka Rinne without a rebound.
19:01 of 2nd period - Sean Monahan wins face-off versus Matt Calvert in Coyotes zone.
19:06 of 2nd period - Shot by Loui Eriksson.
19:06 of 2nd period - Shot Blocked by Mark Giordano.
19:08 of 2nd period - Shot by Sean Monahan.
19:08 of 2nd period - Shot Misses the Net.
19:10 of 2nd period - Shot by Loui Eriksson.
19:10 of 2nd period - Shot Misses the Net.
19:12 of 2nd period - Shot by Loui Eriksson.
19:12 of 2nd period - Goal by Loui Eriksson - Stars : 3 - Coyotes : 1.
19:13 of 2nd period - Bo Horvat wins face-off versus Codey Burki in neutral zone.
19:32 of 2nd period - Shot by Milan Michalek.
19:32 of 2nd period - Shot Misses the Net.
19:46 of 2nd period - Shot by Justin Williams.
19:46 of 2nd period - Shot Blocked by John Klingberg.
19:48 of 2nd period - Shot by Jonathan Cheechoo.
19:48 of 2nd period - Stopped by Michael Garnett without a rebound.
19:48 of 2nd period - Minor Penalty to Jason Garrison for High sticking.
19:49 of 2nd period - Bo Horvat wins face-off versus Evgeny Kuznetsov in Stars zone.
19:57 of 2nd period - Icing by Ryan Murray.
19:58 of 2nd period - Bo Horvat wins face-off versus Evgeny Kuznetsov in Coyotes zone.
Goals for this period are 1 for Stars vs 1 for Coyotes.
Shots for this period are 8 for Stars vs 20 for Coyotes.

3rd period


0:01 of 3rd period - Codey Burki wins face-off versus Michael Ryan in neutral zone.
0:32 of 3rd period - Shot by Mark Giordano.
0:32 of 3rd period - Stopped by Michael Garnett without a rebound.
0:33 of 3rd period - Bo Horvat wins face-off versus Evgeny Kuznetsov in Stars zone.
1:04 of 3rd period - Shot by Johnny Gaudreau.
1:04 of 3rd period - Shot Misses the Net.
1:28 of 3rd period - Joni Pitkanen is hit by Jonathan Cheechoo and loses puck.
1:43 of 3rd period - Shot by Mark Giordano.
1:43 of 3rd period - Shot Misses the Net.
1:45 of 3rd period - Shot by Jonathan Cheechoo.
1:45 of 3rd period - Stopped by Michael Garnett without a rebound.
1:46 of 3rd period - Bo Horvat wins face-off versus Codey Burki in Stars zone.
1:54 of 3rd period - Kyle Calder is hit by Jason Garrison and loses puck.
3:05 of 3rd period - Minor Penalty to Justin Williams for High sticking.
3:06 of 3rd period - Matt Calvert wins face-off versus Sean Monahan in Coyotes zone.
4:09 of 3rd period - Shot by James Neal.
4:09 of 3rd period - Stopped by Pekka Rinne without a rebound.
4:10 of 3rd period - Matt Calvert wins face-off versus Alexander Wennberg in Coyotes zone.
4:31 of 3rd period - Shot by Alexander Wennberg.
4:31 of 3rd period - Stopped by Pekka Rinne without a rebound.
4:32 of 3rd period - Michael Rupp wins face-off versus Sean Monahan in Coyotes zone.
4:47 of 3rd period - Shot by Joni Pitkanen.
4:47 of 3rd period - Shot Misses the Net.
5:17 of 3rd period - Shot by Milan Michalek.
5:17 of 3rd period - Stopped by Pekka Rinne without a rebound.
5:18 of 3rd period - Jim Slater wins face-off versus Codey Burki in Coyotes zone.
5:42 of 3rd period - Mark Giordano is hit by Jim Slater and loses puck.
5:44 of 3rd period - Minor Penalty to Rasmus Ristolainen for Hooking.
5:45 of 3rd period - Alexander Wennberg wins face-off versus Matt Calvert in Coyotes zone.
6:12 of 3rd period - Off-side.
6:13 of 3rd period - Michael Rupp wins face-off versus Sean Monahan in neutral zone.
7:18 of 3rd period - Shot by Joni Pitkanen.
7:18 of 3rd period - Stopped by Pekka Rinne with a rebound.
7:20 of 3rd period - Shot by Joni Pitkanen.
7:20 of 3rd period - Stopped by Pekka Rinne without a rebound.
7:21 of 3rd period - Alexander Wennberg wins face-off versus Michael Rupp in Coyotes zone.
7:28 of 3rd period - Shot by Joni Pitkanen.
7:28 of 3rd period - Stopped by Pekka Rinne without a rebound.
7:29 of 3rd period - Alexander Wennberg wins face-off versus Matt Calvert in Coyotes zone.
7:58 of 3rd period - Shot by Milan Michalek.
7:58 of 3rd period - Shot Misses the Net.
9:18 of 3rd period - Off-side.
9:19 of 3rd period - Sean Monahan wins face-off versus Codey Burki in neutral zone.
9:36 of 3rd period - Loui Eriksson is hit by Codey Burki and loses puck.
9:51 of 3rd period - Shot by Jonathan Cheechoo.
9:51 of 3rd period - Stopped by Michael Garnett without a rebound.
9:52 of 3rd period - Alexander Wennberg wins face-off versus Kyle Calder in Stars zone.
9:52 of 3rd period - Alexander Wennberg is hit by Michael Rupp.
9:55 of 3rd period - Icing by Dan Hamhuis.
9:56 of 3rd period - Alexander Wennberg wins face-off versus Michael Rupp in Stars zone.
9:56 of 3rd period - Alexander Wennberg is hit by Michael Rupp.
10:10 of 3rd period - Alexander Wennberg is hit by Andrew Alberts and loses puck.
10:16 of 3rd period - Alexander Wennberg is hit by Andrew Alberts and loses puck.
10:23 of 3rd period - Shot by James Neal.
10:23 of 3rd period - Stopped by Pekka Rinne without a rebound.
10:24 of 3rd period - Sean Monahan wins face-off versus Codey Burki in Coyotes zone.
10:27 of 3rd period - Shot by Joni Pitkanen.
10:27 of 3rd period - Shot Blocked by Rasmus Ristolainen.
10:29 of 3rd period - Shot by Joni Pitkanen.
10:29 of 3rd period - Stopped by Pekka Rinne without a rebound.
10:30 of 3rd period - Loui Eriksson wins face-off versus Codey Burki in Coyotes zone.
10:37 of 3rd period - Shot by Jeff Carter.
10:37 of 3rd period - Shot Blocked by Mark Giordano.
10:43 of 3rd period - Shot by Loui Eriksson.
10:43 of 3rd period - Stopped by Pekka Rinne without a rebound.
10:44 of 3rd period - Alexander Wennberg wins face-off versus Evgeny Kuznetsov in Coyotes zone.
10:45 of 3rd period - Shot by John Klingberg.
10:45 of 3rd period - Stopped by Pekka Rinne without a rebound.
10:46 of 3rd period - Codey Burki wins face-off versus Sean Monahan in Coyotes zone.
10:46 of 3rd period - Codey Burki is hit by Joni Pitkanen.
11:12 of 3rd period - Shot by Jonathan Cheechoo.
11:12 of 3rd period - Stopped by Michael Garnett without a rebound.
11:13 of 3rd period - Alexander Wennberg wins face-off versus Evgeny Kuznetsov in Stars zone.
11:36 of 3rd period - Shot by Alexander Wennberg.
11:36 of 3rd period - Shot Misses the Net.
11:58 of 3rd period - Shot by Mike Hoffman.
11:58 of 3rd period - Shot Blocked by Mark Giordano.
12:26 of 3rd period - Shot by Jonathan Cheechoo.
12:26 of 3rd period - Shot Misses the Net.
12:49 of 3rd period - Joni Pitkanen is hit by Jonathan Cheechoo and loses puck.
13:30 of 3rd period - Icing by Michael Rupp.
13:31 of 3rd period - Alexander Wennberg wins face-off versus Michael Rupp in Coyotes zone.
13:52 of 3rd period - Shot by Mason Raymond.
13:52 of 3rd period - Shot Misses the Net.
14:02 of 3rd period - Shot by James Neal.
14:02 of 3rd period - Stopped by Pekka Rinne with a rebound.
14:27 of 3rd period - Shot by Johnny Gaudreau.
14:27 of 3rd period - Stopped by Michael Garnett without a rebound.
14:28 of 3rd period - Codey Burki wins face-off versus Bo Horvat in Stars zone.
15:45 of 3rd period - Joni Pitkanen is hit by David Pastrnak and loses puck.
15:49 of 3rd period - Icing by Joni Pitkanen.
15:50 of 3rd period - Evgeny Kuznetsov wins face-off versus Sean Monahan in Stars zone.
16:48 of 3rd period - Rasmus Ristolainen is hit by James Neal and loses puck.
18:14 of 3rd period - Jeff Carter is hit by Michael Rupp and loses puck.
18:23 of 3rd period - Shot by Mason Raymond.
18:23 of 3rd period - Shot Misses the Net.
18:37 of 3rd period - Shot by Jonathan Cheechoo.
18:37 of 3rd period - Shot Misses the Net.
18:39 of 3rd period - Shot by Justin Williams.
18:39 of 3rd period - Stopped by Michael Garnett with a rebound.
18:41 of 3rd period - Shot by Jonathan Cheechoo.
18:41 of 3rd period - Stopped by Michael Garnett without a rebound.
18:42 of 3rd period - Alexander Wennberg wins face-off versus David Brine in Stars zone.
18:42 of 3rd period - Alexander Wennberg is hit by Jordan LaVallee.
18:45 of 3rd period - Icing by Mike Hoffman.
18:46 of 3rd period - Codey Burki wins face-off versus Alexander Wennberg in Stars zone.
18:47 of 3rd period - Shot by Jonathan Cheechoo.
18:47 of 3rd period - Stopped by Michael Garnett without a rebound.
18:48 of 3rd period - Alexander Wennberg wins face-off versus Codey Burki in Stars zone.
19:07 of 3rd period - Icing by John Klingberg.
19:08 of 3rd period - Alexander Wennberg wins face-off versus Michael Rupp in Stars zone.
19:08 of 3rd period - Alexander Wennberg is hit by Michael Rupp.
19:30 of 3rd period - Shot by Kyle Calder.
19:30 of 3rd period - Shot Misses the Net.
Goals for this period are 0 for Stars vs 0 for Coyotes.
Shots for this period are 11 for Stars vs 8 for Coyotes.